 Dungeon Crawl Stone Soup version 0.31.0-9-g3a7656b989 (webtiles) character file.

Game seed: 3531751616311661971

89 qw the Shooter (level 4, 0/22 HPs)
             Began as a Spriggan Hunter on Feb 2, 2024.
             Succumbed to their own poison gas
             ... on level 2 of the Dungeon.
             The game lasted 00:00:04 (1217 turns).

qw the Shooter (Spriggan Hunter)                    Turns: 1217, Time: 00:00:05

Health: 0/22       AC:  2    Str:  5 (7)  XL:     4   Next: 31%
Magic:  5/5        EV: 19    Int:  9 (10) God:
Gold:   83         SH:  0    Dex: 17 (20) Spells: 3/3 levels left

rFire   . . .        a - +0 shortbow
rCold   . . .        (shield currently unavailable)
rNeg    . . .        c - +0 robe
rPois   .            (helmet restricted)
rElec   .            (no cloak)
rCorr   .            (gloves unavailable)
SInv    +            (boots unavailable)
Will    .....        (no amulet)
Stlth   ++           (no ring)
HPRegen 0.23/turn    (no ring)
MPRegen 0.09/turn

%: no passive effects
@: lethally poisoned (0 -> -3), very quick
A: very small, no large weapons, unfitting armour, see invisible, speed 3
a: no special abilities


You were on level 2 of the Dungeon.
You visited 1 branch of the dungeon, and saw 2 of its levels.

You collected 83 gold pieces.


Innate Abilities, Weirdness & Mutations

You are very small and have problems with some larger weapons.
You are too small for most types of armour.
You have supernaturally acute eyesight. (SInv)
You cover ground extremely quickly. (Speed+++)


   Skills:
 + Level 1.5 Fighting
 - Level 5.0 Ranged Weapons
 - Level 4.7 Dodging
 - Level 1.5 Stealth


You had 3 spell levels left.
You didn't know any spells.
Your spell library was empty.

Inventory:

Hand Weapons
 a - a +0 shortbow (weapon)
Armour
 c - a +0 robe (worn)
Potions
 e - a potion of heal wounds
 f - a potion of resistance {unknown}
 i - a potion of might {unknown}

Dungeon Overview and Level Annotations

Branches:
Dungeon (2/15)

Altars:

Annotations:
D:2 1 runed translucent door, Crazy Yiuf


Message History

Could not explore, unopened runed door.
1208 ||| DROPPING 2 potions of degeneration.
You drop 2 potions of degeneration.
Crazy Yiuf shouts!
Could not explore, unopened runed door.
What level of the Dungeon? (default 2, ? - help) Sorry, I don't know how to get there.
Enter note:
Enter note:
Enter note:
Enter note:
Enter note:
Enter note:
Enter note:
Enter note:
Enter note:
Enter note:
Enter note:
Enter note: You are engulfed in poison gas.
You are lethally poisoned!
You feel very sick.
Crazy Yiuf cries, "You leg down broken song, no?"
1210 ||| Stepping ~*~*~tactically~*~*~ (cloud).
You feel sick.
You see here 2 potions of degeneration.
There is a lethal amount of poison in your body!
You feel very sick.
There is a lethal amount of poison in your body!
You feel very sick.
There is a lethal amount of poison in your body!
You feel sick.
There is a lethal amount of poison in your body!
You feel sick.
There is a lethal amount of poison in your body!
You feel sick.
There is a lethal amount of poison in your body!
You feel sick.
There is a lethal amount of poison in your body!
You die...

....#..#.#.###
....#......# #.#.#...####
#.#.)..## ..###..#
#####..# ####...##### ###
.........#.## ###..)#
............####@+g..#
..(..#..%....#¤0##...#
.....##.%#..#¤### ###
.....##.####### .)......#
.....#..### ###.......#
##### #.###)).#
######...#
###.#....>###....###.####


You could see Crazy Yiuf.

Vanquished Creatures
  4 gnolls (D:2)
  An adder (D:2)
  A dart slug (D:1)
  5 ball pythons
  3 bats
  6 endoplasms
  A giant cockroach (D:2)
  2 goblins (D:2)
  5 hobgoblins
  3 jackals (D:1)
  3 frilled lizards
  6 kobolds
40 creatures vanquished.

Notes
Turn   | Place    | Note
-------+----------+-------------------------------------------
     0 | D:1      | qw the Spriggan Hunter began the quest for the Orb.
     0 | D:1      | Reached XP level 1. HP: 10/10 MP: 2/2
     0 | D:1      | 0 ||| qw: Version: 0.3-a-155-g5e7d8dd
     0 | D:1      | 0 ||| qw: Game counter: 477
     0 | D:1      | 0 ||| qw: Melee chars always use a shield: true
     0 | D:1      | 0 ||| qw: God list: Okawaru
     0 | D:1      | 0 ||| qw: Allow faded altars: false
     0 | D:1      | 0 ||| qw: Do Orc after clearing Dungeon:15 true
     0 | D:1      | 0 ||| qw: Do second Lair branch before Depths: true
     0 | D:1      | 0 ||| qw: Lair rune preference: random
     0 | D:1      | 0 ||| qw: Goals: Normal
     0 | D:1      | 0 ||| PLANNING D:1-11
    17 | D:1      | Reached skill level 3 in Dodging
    63 | D:1      | Reached XP level 2. HP: 14/14 MP: 3/3
   549 | D:1      | 549 ||| READING 2 scrolls labelled DEFFERUETE.
   549 | D:1      | 549 ||| IDENTIFYING cyan potion
   550 | D:1      | 550 ||| READING scroll of identify.
   550 | D:1      | 550 ||| IDENTIFYING 2 green potions
   551 | D:1      | 551 ||| READING scroll labelled VAXTAH QIORGH.
   554 | D:1      | 554 ||| READING scroll labelled UHICZE HEDAFRE.
   655 | D:1      | 655 ||| DROPPING scroll of butterflies.
   656 | D:1      | 656 ||| DROPPING potion of berserk rage.
   843 | D:2      | Reached XP level 3. HP: 18/18 MP: 4/4
   941 | D:2      | Found a runed translucent door.
   942 | D:2      | Noticed Crazy Yiuf
  1003 | D:2      | HP: 3/18 [gnoll/+0 spear (8)]
  1004 | D:2      | Reached skill level 5 in Ranged Weapons
  1004 | D:2      | 1004 ||| READING scroll of teleportation.
  1005 | D:2      | 1005 ||| DRINKING 2 potions of heal wounds.
  1055 | D:2      | Reached XP level 4. HP: 22/22 MP: 5/5
  1204 | D:2      | 1204 ||| READING scroll labelled POHIJ GAOMO.
  1205 | D:2      | 1205 ||| READING scroll labelled KOANOH LY KOI.
  1206 | D:2      | 1206 ||| READING scroll labelled SEITAM RYITZ.
  1207 | D:2      | 1207 ||| DRINKING 3 fizzy grey potions.
  1208 | D:2      | 1208 ||| DROPPING 2 potions of degeneration.
  1210 | D:2      | 1210 ||| Stepping ~*~*~tactically~*~*~ (cloud).
  1213 | D:2      | HP: 5/22 [poisoned by you (poison gas)]
  1215 | D:2      | HP: 2/22 [poisoned by you (poison gas)]
  1217 | D:2      | Succumbed to their own poison gas

Levels and vault maps discovered:
D:1:      minmay_arrival_shoal_huts, layout_basic
D:2:      layout_basic, grunt_ministairs_2, uniq_crazy_yiuf_cottage

Skill      XL: |  1  2  3 |
---------------+----------+-----
Dodging        | 3 4 |  4.7
Ranged Weapons | 5 |  5.0
Fighting       | |  1.5
Stealth        | |  1.5

Action                     |  1- 3 |  4- 6 || total
---------------------------+-------+-------++-------
   Fire: Shortbow          |    96 |    13 ||   109
    Use: Scroll            |     5 |     3 ||     8
         Potion            |     1 |     1 ||     2
 Armour: Robe              |     8 |     1 ||     9
  Dodge: Dodged            |    10 |     2 ||    12

Table legend:
 A = Non-vault XP
 B = Vault XP
 C = Vault XP percentage of total XP
 D = Non-vault monster count
 E = Vault monster count
 F = Vault count percentage of total count
                 A         B        C        D         E       F
            +---------+---------+-------+---------+---------+-------
      Total |     126 |       2 |   1.6 |      38 |       2 |   5.0
            +---------+---------+-------+---------+---------+-------
        D:1 |      26 |       0 |   0.0 |      13 |       0 |   0.0
        D:2 |     100 |       2 |   2.0 |      25 |       2 |   7.4
            +---------+---------+-------+---------+---------+-------
